 Dungeon Crawl Stone Soup version 0.28.0-43-g3370ac3207 (webtiles) character file.

Game seed: 14736354564984946529

91 Ablot the Grasshopper (level 4, 0/38 HPs)
             Began as a Gnoll Warper on Mar 22, 2022.
             Succumbed to an adder's poison
             ... on level 3 of the Dungeon.
             The game lasted 00:03:14 (2798 turns).

Ablot the Grasshopper (Gnoll Warper)                Turns: 2798, Time: 00:03:14

Health: 0/38       AC:  9    Str: 10 (13) XL:     4   Next: 57%
Magic:  8/11       EV: 12    Int: 10 (12) God:
Gold:   83         SH:  0    Dex:  8 (11) Spells: 11/13 levels left

rFire   . . .      SeeInvis .   a - +0 spear
rCold   + . .      Faith    .   (no shield)
rNeg    . . .      Spirit   .   b - +0 leather armour
rPois   .          Reflect  .   o - +1 helmet
rElec   .          Harm     .   (no cloak)
rCorr   .          Rampage  .   (no gloves)
Will    .....                   (no boots)
Stlth   +.........              (no amulet)
HPRegen 0.12/turn               k - +4 ring of protection
MPRegen 0.12/turn               p - ring of protection from cold

@: lethally poisoned (0 -> -4), on blink cooldown
A: fangs 1, strong nose, distributed training
a: no special abilities


You were on level 3 of the Dungeon.
You visited 1 branch of the dungeon, and saw 3 of its levels.

You collected 83 gold pieces.

Inventory:

Hand Weapons
 a - a +0 spear (weapon)
Missiles
 d - 5 boomerangs of dispersal (quivered)
 h - 51 stones
 i - 61 sling bullets
 m - 2 boomerangs
Armour
 b - a +0 leather armour (worn)
 o - a +1 helmet (worn)
Jewellery
 k - a +4 ring of protection (left hand)
 p - a ring of protection from cold (right hand)
Wands
 j - a wand of flame (16)
Scrolls
 c - 2 scrolls of blinking
 g - a scroll of teleportation {unknown}
 l - a scroll of acquirement {unknown}
 n - a scroll of amnesia {unknown}
 q - a scroll of vulnerability {unknown}
 r - a scroll of identify {unknown}
 s - a scroll of immolation {unknown}


   Skills:
 + Level 4.6 Fighting
 + Level 1.2 Short Blades
 + Level 1.2 Long Blades
 + Level 1.2 Axes
 + Level 1.2 Maces & Flails
 + Level 4.6 Polearms
 + Level 1.2 Staves
 + Level 1.2 Slings
 + Level 1.2 Bows
 + Level 1.2 Crossbows
 + Level 2.8 Throwing
 + Level 2.8 Armour
 + Level 4.6 Dodging
 + Level 1.2 Stealth
 + Level 1.2 Shields
 + Level 1.2 Unarmed Combat
 + Level 5.1 Spellcasting
 + Level 1.0 Conjurations
 + Level 1.0 Hexes
 + Level 1.0 Summonings
 + Level 1.0 Necromancy
 + Level 5.5 Translocations
 + Level 1.0 Transmutations
 + Level 1.0 Fire Magic
 + Level 1.0 Ice Magic
 + Level 1.0 Air Magic
 + Level 1.0 Earth Magic
 + Level 1.0 Poison Magic
 + Level 1.3 Invocations
 + Level 1.2 Evocations


You had 11 spell levels left.
You knew the following spells:

 Your Spells              Type           Power      Damage    Failure   Level
a - Blink                 Tloc           26%        N/A       4%          2

Your spell library contained the following spells:

 Spells                   Type           Power      Damage    Failure   Level
 Gell's Gravitas          Tloc           13%        N/A       10%         3
 Lesser Beckoning         Tloc           13%        N/A       10%         3
 Teleport Other           Tloc           13%        N/A       10%         3
 Manifold Assault         Tloc           13%        N/A       65%         5


Dungeon Overview and Level Annotations

Branches:
Dungeon (3/15)

Altars:
Makhleb


Innate Abilities, Weirdness & Mutations

You have very sharp teeth.
Your uncanny sense of smell can sniff out nearby items.
Your experience applies equally to all skills.


Message History

You blink.
An adder and a ball python come into view.
Found a whip.
Found a burning altar of Makhleb.
The adder hisses angrily.
The ball python hisses angrily.
Unknown command.
You barely miss the adder skeleton.
A sky beast appears from thin air!
Reactivating autopickup.
The sky beast closely misses you.
You hit the sky beast.
The sky beast is almost dead.
The adder skeleton barely misses you. The adder bites you but does no damage.
The sky beast barely misses you.
Unknown command.
You feel stable enough to blink again. The adder bites you but does no damage.
The ball python misses you. The ball python barely misses you.
The adder skeleton closely misses you.
The sky beast flickers out of sight!
Deactivating autopickup; reactivate with Ctrl-A.
Unknown command.
Casting: Blink (safe; 4% risk of failure)
Confirm with . or Enter, or press ? or * to list all spells.
You blink.
The adder closely misses you.
There is an open door here.
You see here 2 poisoned darts.
The adder bites you.
* * * LOW HITPOINT WARNING * * *
You are lethally poisoned!
The adder poisons you!
It was a potion of degeneration.
There was something very wrong with that liquid.
You feel weakened.
You feel dopey.
You feel clumsy.
* * * LOW HITPOINT WARNING * * *
You feel sick. The adder bites you.
* * * LOW HITPOINT WARNING * * *
Unknown command.
You aren't carrying any potions.
You hit the adder. Your bite misses the adder.
The adder is moderately wounded.
You die...

#........_.# #(.........#
+>........# ##........#
#.........# #. #..Z≈Z....#
###########.###..S......#
.............###S#########
.#.########..###@#
##...##### .#.##
#.......####........#
.#..#
#............#.####.#
.##.# #............#.##
#.# .##.##
#.......######..###.#
.##..#
#..÷....#........##.#
.###.#
#.......#.<.†.♣.....# .#
#.## #.......#.†......####
'###..# #....#..######..##


You could see an adder, a ball python and an adder skeleton.

Vanquished Creatures
  2 adders
  2 worms
  A dart slug (D:1)
  An orc (D:2)
  7 ball pythons
  5 endoplasms
  7 giant cockroaches
  12 goblins
  4 hobgoblins
  3 jackals (D:1)
  4 kobolds
  A quokka (D:1)
  3 bats
  3 frilled lizards
  6 rats
61 creatures vanquished.

Notes
Turn   | Place    | Note
-------+----------+-------------------------------------------
     0 | D:1      | Ablot the Gnoll Warper began the quest for the Orb.
     0 | D:1      | Reached XP level 1. HP: 20/20 MP: 6/6
   206 | D:1      | Reached XP level 2. HP: 26/26 MP: 7/7
   220 | D:1      | Learned a level 2 spell: Blink
   567 | D:1      | Reached skill level 5 in Spellcasting
   567 | D:1      | Reached XP level 3. HP: 29/31 MP: 7/9
  1002 | D:1      | Found a faded altar of an unknown god.
  1187 | D:2      | Reached skill level 1 in Invocations
  1442 | D:2      | Reached skill level 1 in Short Blades
  1442 | D:2      | Reached skill level 1 in Long Blades
  1442 | D:2      | Reached skill level 1 in Axes
  1442 | D:2      | Reached skill level 1 in Maces & Flails
  1442 | D:2      | Reached skill level 1 in Staves
  1442 | D:2      | Reached skill level 1 in Slings
  1442 | D:2      | Reached skill level 1 in Bows
  1442 | D:2      | Reached skill level 1 in Crossbows
  1442 | D:2      | Reached skill level 1 in Stealth
  1442 | D:2      | Reached skill level 1 in Shields
  1442 | D:2      | Reached skill level 1 in Unarmed Combat
  1442 | D:2      | Reached skill level 1 in Evocations
  1586 | D:2      | Reached XP level 4. HP: 33/38 MP: 11/11
  2480 | D:3      | Reached skill level 1 in Conjurations
  2480 | D:3      | Reached skill level 1 in Hexes
  2480 | D:3      | Reached skill level 1 in Summonings
  2480 | D:3      | Reached skill level 1 in Necromancy
  2480 | D:3      | Reached skill level 1 in Transmutations
  2480 | D:3      | Reached skill level 1 in Fire Magic
  2480 | D:3      | Reached skill level 1 in Ice Magic
  2480 | D:3      | Reached skill level 1 in Air Magic
  2480 | D:3      | Reached skill level 1 in Earth Magic
  2480 | D:3      | Reached skill level 1 in Poison Magic
  2771 | D:3      | Noticed a sky beast
  2788 | D:3      | Found a burning altar of Makhleb.
  2797 | D:3      | HP: 1/38 [adder (1)]
  2798 | D:3      | Succumbed to an adder's poison

Illustrated notes

Levels and vault maps discovered:
D:1:      tarquinn_simple_flora_water_b, layout_loops_ring,
          basic_ecumenical_altar
D:2:      layout_loops_corners
D:3:      layout_basic, bloody_makhleb, chequers_temple_overflow_minitemple,
          minmay_misc_feat_pillars, grunt_ministairs_14, minivault_4

Skill      XL: |  1  2  3  4 |
---------------+-------------+-----
Spellcasting   | 5 |  5.1
Invocations    | 1 |  1.3
Short Blades   | 1 |  1.2
Long Blades    | 1 |  1.2
Axes           | 1 |  1.2
Maces & Flails | 1 |  1.2
Staves         | 1 |  1.2
Slings         | 1 |  1.2
Bows           | 1 |  1.2
Crossbows      | 1 |  1.2
Stealth        | 1 |  1.2
Shields        | 1 |  1.2
Unarmed Combat | 1 |  1.2
Evocations     | 1 |  1.2
Conjurations   | 1 |  1.0
Hexes          | 1 |  1.0
Summonings     | 1 |  1.0
Necromancy     | 1 |  1.0
Transmutations | 1 |  1.0
Fire Magic     | 1 |  1.0
Ice Magic      | 1 |  1.0
Air Magic      | 1 |  1.0
Earth Magic    | 1 |  1.0
Poison Magic   | 1 |  1.0
Fighting       | |  4.6
Polearms       | |  4.6
Throwing       | |  2.8
Armour         | |  2.8
Dodging        | |  4.6
Translocations | |  5.5

Action                   |  1- 3 |  4- 6 || total
-------------------------+-------+-------++-------
Melee: Spear             |   153 |    98 ||   251
       Bite              |     3 |     8 ||    11
       Punch             |     3 |       ||     3
Throw: Dart              |       |     4 ||     4
       Boomerang         |       |     3 ||     3
 Cast: Blink             |       |     2 ||     2
  Use: Potion            |       |     1 ||     1
 Stab: Sleeping          |     3 |     1 ||     4
Armor: Leather armour    |    17 |    23 ||    40
Dodge: Dodged            |    64 |    46 ||   110
